 Dungeon Crawl Stone Soup version 0.20.1-1-g8b1a95d (webtiles) character file.

2989 Folque the Magician (level 9, -4/56 HPs)
             Began as an Octopode Wizard on Nov 4, 2017.
             Was a Follower of Sif Muna.
             Slain by a slime creature (13 damage)
             ... on level 8 of the Dungeon.
             The game lasted 01:18:50 (9831 turns).

Folque the Magician (Octopode Wizard)               Turns: 9831, Time: 01:18:51

Health: -4/56      AC:  9    Str:  6      XL:     9   Next: 83%
Magic:  4/20       EV: 19    Int: 22 (23) God:    Sif Muna [*.....]
Gold:   331        SH:  5    Dex: 16      Spells: 1/22 levels left

rFire    . . .     SeeInvis .   i - +2 spear
rCold    + . .     Gourm    .   h - +0 buckler
rNeg     . . .     Faith    .   a - +0 hat
rPois    .         Spirit   .   (no amulet)
rElec    .         Reflect  .   t - ring of protection from cold
rCorr    .         Harm     .   w - ring of wizardry
MR       .....                  l - ring of flight
Stlth    ++++......             A - ring of Robustness {AC+8}
Regen    0.2/turn               (no ring)
MPRegen  0.2/turn               (no ring)
                                (no ring)
                                (no ring)

@: agile, divine energy
A: almost no armour, stealthy swim, amphibious, 8 rings, constrict 8, camouflage
1, gelatinous body 1
a: Stop Divine Energy, Renounce Religion, Evoke Flight


You were on level 8 of the Dungeon.
You worshipped Sif Muna.
Sif Muna was aware of your devotion.
You were very hungry.

You visited 2 branches of the dungeon, and saw 9 of its levels.

You collected 331 gold pieces.

Inventory:

Hand Weapons
 f - a +1 dagger of electrocution
 i - a +2 spear (weapon)
Missiles
 v - 5 steel javelins (quivered)
Armour
 a - a +0 hat (worn)
 h - a +0 buckler (worn)
 D - a +0 shield
Magical Staves
 E - an uncursed staff of summoning
 G - an uncursed staff of cold
 H - an uncursed staff of poison
Jewellery
 l - a ring of flight (on tentacle)
 t - a ring of protection from cold (left tentacle)
 w - a ring of wizardry (right tentacle)
 A - the ring of Robustness (on tentacle) {AC+8}
   (You found it on level 7 of the Dungeon)

   [ring of protection]

   It affects your AC (+8).
Wands
 n - a wand of random effects (20/48)
 o - a wand of lightning (0/15)
Scrolls
 j - 5 scrolls of remove curse
 m - a scroll of identify
 r - a scroll of blinking
 s - 2 scrolls of random uselessness {unknown}
 y - a scroll of amnesia {unknown}
 B - a scroll of fog
 C - a scroll of enchant weapon
Potions
 e - 2 potions of mutation
 g - 2 potions of flight
 p - a potion of might
 x - 2 potions of brilliance
Books
 b - a book of Minor Magic

   Spells                             Type                      Level
   a - Magic Dart                     Conjuration                  1
   b - Blink                          Translocation                2
   c - Call Imp                       Summoning                    2
   d - Slow                           Hexes                        2
   e - Conjure Flame                  Conjuration/Fire             3
   f - Mephitic Cloud                 Conjuration/Poison/Air       3
 z - a book of Callings

   Spells                             Type                      Level
   a - Summon Small Mammal            Summoning                    1
   b - Call Imp                       Summoning                    2
   c - Call Canine Familiar           Summoning                    3
   d - Summon Guardian Golem          Hexes/Summoning              3
   e - Summon Lightning Spire         Summoning/Air                4
   f - Summon Ice Beast               Ice/Summoning                4
 F - the Almanac of the Entourage
   (You found it on level 7 of the Dungeon)

   Spells                             Type                      Level
   a - Summon Butterflies             Summoning                    1
   b - Summon Small Mammal            Summoning                    1
   c - Summon Guardian Golem          Hexes/Summoning              3
   d - Summon Lightning Spire         Summoning/Air                4
   e - Summon Mana Viper              Hexes/Summoning              5
   f - Aura of Abjuration             Summoning                    5
Miscellaneous
 d - a lightning rod (4/4)
Comestibles
 c - a bread ration
 k - 4 royal jellies
 q - 9 fruits


   Skills:
 - Level 3.0 Fighting
 - Level 2.0 Dodging
 - Level 2.6 Stealth
 - Level 4.0 Shields
 - Level 7.4 Spellcasting
 - Level 6.3 Conjurations
 + Level 0.2 Hexes
 * Level 5.2 Summonings
 - Level 1.0 Translocations
 - Level 2.2 Ice Magic
 - Level 3.0 Air Magic
 - Level 3.1 Poison Magic


You had one spell level left.
You knew the following spells:

 Your Spells              Type           Power        Failure   Level  Hunger
a - Magic Dart            Conj           ####         1%          1    None
b - Call Imp              Summ           ####....     1%          2    None
c - Blink                 Tloc           N/A          3%          2    None
d - Mephitic Cloud        Conj/Pois/Air  ####....     1%          3    None
e - Summon Ice Beast      Ice/Summ       ###.....     7%          4    ###....
f - Summon Lightning Spi  Summ/Air       ####....     6%          4    ###....
g - Summon Mana Viper     Hex/Summ       ###.....     26%         5    #####..


Dungeon Overview and Level Annotations

Branches:
Dungeon (8/15)             Temple (1/1) D:7
   Lair: D:8-11

Altars:
Ashenzari
Cheibriados
Dithmenos
Elyvilon
Fedhas
Hepliaklqana
Kikubaaqudgha
Makhleb
Nemelex Xobeh
Okawaru
Qazlal
Ru
Sif Muna
Trog
Uskayaw
Vehumet
Xom
Yredelemnul
Zin
The Shining One

Annotations:
D:4 Pikel


Innate Abilities, Weirdness & Mutations

You cannot wear most types of armour.
You are very stealthy in the water. (Stealth+)
You are amphibious.
You can wear up to eight rings at the same time.
You can use your tentacles to constrict eight enemies at once.
Your skin changes colour to match your surroundings (Stealth+).
Your rubbery body absorbs attacks. (AC +1, EV +1)


Message History

Deactivating autopickup; reactivate with Ctrl-A.
Something barely misses you. Something hits you but does no damage.
Something hits you.
You hit something but do no damage. Something hits you. Something hits you.
Something hits you but does no damage. Something hits you but does no damage.
Something hits you but does no damage. You block something's attack.
Something hits you! Something hits you but does no damage.
There is a stone staircase leading down here.
Something hits you but does no damage. The slime creature hits you!
* * * LOW HITPOINT WARNING * * *
You climb downwards.
Found a stone staircase leading up.
There is a stone staircase leading up here.
It was a potion of agility.
You feel agile all of a sudden. The slime creature hits you!
You die...

#### #..# #
#..# #.#.J#
#..@.#
...............
...............
############<..
.. .


You could see a slime creature.

Vanquished Creatures
  The ghost of bmj180 the Cleaver, a novice HOFi (D:6)
  Grinder (D:4)
  An ice beast (D:5)
  2 sky beasts
  A slave (D:3)
  2 phantoms
  2 ogres
  A centaur (D:5)
  3 bullfrogs
  A gnoll sergeant (D:7)
  A scorpion (D:5)
  A crimson imp (D:6)
  3 orc priests (D:5)
  2 hounds
  3 orc wizards
  A centaur skeleton (D:4)
  2 bullfrog skeletons
  An iguana (D:7)
  A worker ant (D:6)
  6 gnolls
  3 adders
  A shadow imp (D:7)
  2 adder skeletons
  A worm (D:2)
  A dart slug (D:2)
  6 leopard geckos
  11 orcs
  8 bats
  7 giant cockroaches
  5 goblins (D:1)
  7 hobgoblins
  A jackal (D:3)
  3 quokkas
  2 ball pythons
  5 frilled lizards
  A jackal skeleton (D:7)
  A jackal zombie (D:7)
  6 kobolds
  A quokka skeleton (D:7)
  2 quokka zombies (D:7)
  10 rats
120 creatures vanquished.

Vanquished Creatures (collateral kills)
  2 hippogriffs (D:7)
  A hungry ghost (D:6)
  2 ice beasts (D:7)
  A phantom (D:5)
  A black bear (D:7)
  2 ogres
  2 centaurs
  2 big kobolds (D:7)
  2 bullfrogs (D:7)
  A gnoll sergeant (D:6)
  2 scorpions (D:7)
  A killer bee (D:7)
  A jelly (D:7)
  3 crimson imps
  A hound (D:7)
  An orc priest (D:5)
  2 orc wizards (D:3)
  Jessica (D:2)
  2 iguanas (D:7)
  4 worker ants
  6 gnolls
  7 adders
  An ooze (D:3)
  3 worms
  A leopard gecko (D:7)
  10 orcs
  A goblin (D:3)
  A hobgoblin (D:2)
  2 jackals (D:3)
  A frilled lizard (D:3)
  9 kobolds
  2 quokka zombies
  A rat (D:3)
79 creatures vanquished.

Grand Total: 199 creatures vanquished

Notes
Turn   | Place    | Note
-------+----------+-------------------------------------------
     0 | D:1      | Folque the Octopode Wizard began the quest for the Orb.
     0 | D:1      | Reached XP level 1. HP: 11/11 MP: 4/4
   195 | D:1      | Reached skill level 1 in Fighting
   372 | D:1      | Reached XP level 2. HP: 18/18 MP: 3/6
  1110 | D:2      | Learned a level 2 spell: Call Imp
  1113 | D:2      | Learned a level 2 spell: Blink
  1128 | D:1      | Reached XP level 3. HP: 22/24 MP: 7/7
  1248 | D:2      | Learned a level 3 spell: Mephitic Cloud
  1707 | D:2      | Noticed Jessica
  1716 | D:2      | Killed Jessica
  1716 | D:2      | Reached XP level 4. HP: 30/30 MP: 1/9
  2085 | D:2      | Found a stormy altar of Qazlal.
  2536 | D:3      | Found an iron altar of Okawaru.
  2905 | D:3      | Reached skill level 1 in Poison Magic
  2955 | D:3      | Reached XP level 5. HP: 36/36 MP: 2/10
  3112 | D:3      | Reached skill level 4 in Spellcasting
  3818 | D:4      | Noticed an ogre
  3825 | D:4      | Noticed Grinder
  3826 | D:4      | Paralysed by Grinder for 7 turns
  3892 | D:4      | Noticed a slave
  3899 | D:4      | Killed an ogre
  3899 | D:4      | Reached XP level 6. HP: 30/42 MP: 0/12
  4006 | D:4      | Paralysed by Grinder for 4 turns
  4125 | D:4      | Noticed a slave
  4125 | D:4      | Noticed a slave
  4125 | D:4      | Noticed a slave
  4125 | D:4      | Noticed a phantom
  4139 | D:3      | Killed a slave
  4527 | D:4      | Killed a phantom
  4536 | D:4      | Noticed Pikel
  4719 | D:4      | Paralysed by Grinder for 7 turns
  4726 | D:4      | Killed Grinder
  4726 | D:4      | Reached XP level 7. HP: 30/46 MP: 6/14
  4748 | D:5      | Entered Level 5 of the Dungeon
  5200 | D:5      | Found a bloodstained altar of Trog.
  5222 | D:5      | Reached skill level 5 in Spellcasting
  5222 | D:5      | Reached skill level 5 in Conjurations
  5459 | D:5      | Reached skill level 1 in Shields
  5671 | D:5      | Reached XP level 8. HP: 52/52 MP: 6/15
  5709 | D:6      | Noticed bmj180's ghost (novice HOFi)
  5846 | D:5      | Learned a level 4 spell: Summon Ice Beast
  5916 | D:5      | Found a shadowy altar of Dithmenos.
  6260 | D:5      | Reached skill level 1 in Ice Magic
  6867 | D:6      | Learned a level 4 spell: Summon Lightning Spire
  7062 | D:6      | Killed bmj180's ghost
  7188 | D:6      | Reached XP level 9. HP: 56/56 MP: 14/17
  7600 | D:7      | Reached skill level 6 in Spellcasting
  7794 | D:7      | Found a staircase to the Ecumenical Temple.
  7807 | Temple   | Entered the Ecumenical Temple
  7839 | Temple   | Became a worshipper of Sif Muna the Loreminder
  8018 | D:7      | Noticed a death knight
  8873 | D:7      | Reached skill level 5 in Summonings
  9298 | D:7      | Identified the Almanac of the Entourage
  9357 | D:7      | Reached * piety under Sif Muna
  9357 | D:7      | Reached skill level 7 in Spellcasting
  9480 | D:7      | Learned a level 5 spell: Summon Mana Viper
  9831 | D:8      | Slain by a slime creature

Skill      XL: |  1  2  3  4  5  6  7  8  9 |
---------------+----------------------------+-----
Fighting       | 1 2 3 |  3.0
Poison Magic   | 1 3 |  3.1
Spellcasting   | 4 5 7 |  7.4
Conjurations   | 2 4 5 6 |  6.3
Shields        | 2 4 |  4.0
Ice Magic      | 2 |  2.2
Summonings     | 3 5 |  5.2
Air Magic      | 2 3 |  3.0
Dodging        | |  2.0
Stealth        | |  2.6
Hexes          | |  0.2
Translocations | |  1.0

Action                   |  1- 3 |  4- 6 |  7- 9 || total
-------------------------+-------+-------+-------++-------
Melee: Short sword       |    12 |       |       ||    12
       Unarmed           |     4 |       |       ||     4
       Constrict         |    22 |    26 |    28 ||    76
       Tentacles         |     5 |    14 |    15 ||    34
       Spear             |    80 |   160 |   285 ||   525
       Staff             |       |       |    13 ||    13
Throw: Javelin           |       |       |     8 ||     8
 Cast: Magic Dart        |    14 |    19 |    26 ||    59
       Call Imp          |    10 |    43 |    67 ||   120
       Mephitic Cloud    |       |     9 |    25 ||    34
       Blink             |       |     2 |     8 ||    10
       Summon Ice Beast  |       |       |    26 ||    26
       Summon Lightning  |       |       |    14 ||    14
Invok: Divine Energy     |       |       |     1 ||     1
Evoke: Wand              |       |       |     6 ||     6
  Use: Potion            |     2 |     1 |     7 ||    10
       Scroll            |       |     9 |     7 ||    16
 Stab: Sleeping          |    11 |     4 |     5 ||    20
       Distracted        |     2 |     1 |     3 ||     6
       Confused          |       |     3 |     7 ||    10
  Eat: Chunk             |     3 |    11 |    15 ||    29
       Bread ration      |       |       |     3 ||     3
       Meat ration       |       |       |     2 ||     2
       Fruit             |       |       |     1 ||     1
Armor: Skin              |     8 |    13 |    48 ||    69
Dodge: Dodged            |    49 |    82 |   107 ||   238
Block: Buckler           |       |       |    31 ||    31
